| TOP OF THE 1ST |
|
Pittsfield Colonials batting - Pitching for Waterbury Rough Riders : RHP Bobby Salas
|
|
Pitching: RHP Bobby Salas
|
|
|
Batting: SHB Steven Malito
|
0-0: Called Strike 0-1: Bunt - Flyout to 13! F1
|
|
Batting: RHB Juan Samuel
|
0-0: Fly out, F9 (Flyball, 9LDF, EV 96.9 MPH)
|
|
Batting: LHB Tom Beyers
|
0-0: Called Strike 0-1: Ball 1-1: Ball 2-1: Ground out 4-3 (Groundball, 4, EV 85.6 MPH)
|
| Top of the 1st over - 0 runs, 0 hits, 0 errors, 0 left on base; Pittsfield 0 - Waterbury 0 |
| BOTTOM OF THE 1ST |
|
Waterbury Rough Riders batting - Pitching for Pittsfield Colonials : RHP Dennis Eckersley
|
|
Pitching: RHP Dennis Eckersley
|
|
|
Batting: RHB Heriberto Valdez
|
0-0: Ground out 6-3 (Groundball, 6D, EV 97.5 MPH)
|
|
Batting: RHB Alex Sanchez
|
0-0: Swinging Strike 0-1: Fly out, F6 (Popup, 6MD, EV 51.3 MPH)
|
|
Batting: LHB Greg Walker
|
0-0: Ball 1-0: Ball 2-0: SOLO HOME RUN (Flyball, 7D, EV 94.4 MPH), Distance : 348 ft
|
|
Batting: RHB Dan Gladden
|
0-0: Swinging Strike 0-1: Foul Ball, location: 2F 0-2: Ball 1-2: Fly out, F5 (Flyball, 5D, EV 80.6 MPH)
|
| Bottom of the 1st over - 1 run, 1 hit, 0 errors, 0 left on base; Pittsfield 0 - Waterbury 1 |
| TOP OF THE 2ND |
|
Pittsfield Colonials batting - Pitching for Waterbury Rough Riders : RHP Bobby Salas
|
|
Batting: RHB Larry See
|
0-0: Called Strike 0-1: Fly out, F4 (Popup, 34, EV 75.6 MPH)
|
|
Batting: RHB Raymond Borucki
|
0-0: Ball 1-0: Called Strike 1-1: Ball 2-1: Ball 3-1: Base on Balls
|
|
Batting: SHB David Enos
|
0-0: Ball 1-0: Swinging Strike 1-1: Called Strike 1-2: Ball 2-2: Foul Ball, location: 2F 2-2: Strikes out swinging
|
|
Batting: RHB Fernando Marin
|
0-0: Called Strike 0-1: Ball 1-1: Ball 2-1: Foul Ball, location: 2F 2-2: Strikes out swinging
|
| Top of the 2nd over - 0 runs, 0 hits, 0 errors, 1 left on base; Pittsfield 0 - Waterbury 1 |
| BOTTOM OF THE 2ND |
|
Waterbury Rough Riders batting - Pitching for Pittsfield Colonials : RHP Dennis Eckersley
|
|
Batting: LHB Manny Leal
|
0-0: Ground out 4-3 (Groundball, 4, EV 86.3 MPH)
|
|
Batting: RHB Albert Richmond
|
0-0: Swinging Strike 0-1: Ball 1-1: SOLO HOME RUN (Flyball, 7LD, EV 97.5 MPH), Distance : 351 ft
|
|
Batting: LHB Juan Zavala
|
0-0: Foul Ball, location: 2F 0-1: Called Strike 0-2: Ball 1-2: Ball 2-2: Ground out 5-3 (Groundball, 56S, EV 81.3 MPH)
|
|
Batting: RHB Ramon Lora
|
0-0: Called Strike 0-1: Ball 1-1: Ball 2-1: Foul Ball, location: 2F 2-2: Ball 3-2: Foul Ball, location: 2F 3-2: Fly out, F7 (Line Drive, 7, EV 96.9 MPH)
|
| Bottom of the 2nd over - 1 run, 1 hit, 0 errors, 0 left on base; Pittsfield 0 - Waterbury 2 |
| TOP OF THE 3RD |
|
Pittsfield Colonials batting - Pitching for Waterbury Rough Riders : RHP Bobby Salas
|
|
Batting: RHB Kyle Hawthorne
|
0-0: Called Strike 0-1: Swinging Strike 0-2: Fly out, F9 (Line Drive, 9D, EV 89.4 MPH)
|
|
Batting: RHB Victor Mendoza
|
0-0: Ball 1-0: Called Strike 1-1: Foul Ball, location: 2F 1-2: Ground out 4-3 (Groundball, 4MD, EV 101.9 MPH)
|
|
Batting: SHB Steven Malito
|
0-0: Ball 1-0: Ball 2-0: Called Strike 2-1: Swinging Strike 2-2: Strikes out swinging
|
| Top of the 3rd over - 0 runs, 0 hits, 0 errors, 0 left on base; Pittsfield 0 - Waterbury 2 |
| BOTTOM OF THE 3RD |
|
Waterbury Rough Riders batting - Pitching for Pittsfield Colonials : RHP Dennis Eckersley
|
|
Batting: LHB Jeff Smith
|
0-0: Called Strike 0-1: Ball 1-1: Ball 2-1: Ball 3-1: Ground out 4-3 (Groundball, 4, EV 90.6 MPH)
|
|
Batting: RHB Heriberto Valdez
|
0-0: Ball 1-0: Ball 2-0: Ball 3-0: Base on Balls
|
|
Batting: RHB Alex Sanchez
|
0-0: Called Strike 0-1: Ball 1-1: Grounds into double play, 4-6-3 (Groundball, 4, EV 81.9 MPH)
|
| Bottom of the 3rd over - 0 runs, 0 hits, 0 errors, 0 left on base; Pittsfield 0 - Waterbury 2 |
| TOP OF THE 4TH |
|
Pittsfield Colonials batting - Pitching for Waterbury Rough Riders : RHP Bobby Salas
|
|
Batting: RHB Juan Samuel
|
0-0: Called Strike 0-1: Ground out U3 (Groundball, 3L, EV 88.1 MPH)
|
|
Batting: LHB Tom Beyers
|
0-0: Called Strike 0-1: Fly out, F6 (Popup, P, EV 81.3 MPH)
|
|
Batting: RHB Larry See
|
0-0: Called Strike 0-1: Ball 1-1: Fly out, F8 (Flyball, 78XD, EV 99.4 MPH)
|
| Top of the 4th over - 0 runs, 0 hits, 0 errors, 0 left on base; Pittsfield 0 - Waterbury 2 |
| BOTTOM OF THE 4TH |
|
Waterbury Rough Riders batting - Pitching for Pittsfield Colonials : RHP Dennis Eckersley
|
|
Batting: LHB Greg Walker
|
0-0: Foul Ball, location: 2F 0-1: Swinging Strike 0-2: Ball 1-2: Foul Ball, location: 2F 1-2: Ground out U3 (Groundball, 34, EV 83.1 MPH)
|
|
Batting: RHB Dan Gladden
|
0-0: Ball 1-0: Swinging Strike 1-1: Called Strike 1-2: Ball 2-2: Strikes out swinging
|
|
Batting: LHB Manny Leal
|
0-0: Ball 1-0: Fly out, F8 (Line Drive, 8LM, EV 98.1 MPH)
|
| Bottom of the 4th over - 0 runs, 0 hits, 0 errors, 0 left on base; Pittsfield 0 - Waterbury 2 |
| TOP OF THE 5TH |
|
Pittsfield Colonials batting - Pitching for Waterbury Rough Riders : RHP Bobby Salas
|
|
Batting: RHB Raymond Borucki
|
0-0: Ball 1-0: Called Strike 1-1: SINGLE (Flyball, 9LS, EV 85.0 MPH)
|
|
Batting: SHB David Enos
|
0-0: Ball 1-0: Ball 2-0: Fly out, F6 (Popup, 6S, EV 81.3 MPH)
|
|
Batting: RHB Fernando Marin
|
0-0: Called Strike 0-1: Reached on error, E1 (Groundball, 34S, EV 81.3 MPH) Raymond Borucki to second
|
|
Batting: RHB Kyle Hawthorne
|
0-0: Ball 1-0: Ball 2-0: Ball 3-0: Called Strike 3-1: Base on Balls Raymond Borucki to third Fernando Marin to second
|
|
Batting: RHB Victor Mendoza
|
0-0: Called Strike 0-1: Ball 1-1: Grounds into double play, 6-2-3 (Groundball, 6, EV 85.6 MPH)
|
| Top of the 5th over - 0 runs, 1 hit, 1 error, 2 left on base; Pittsfield 0 - Waterbury 2 |
| BOTTOM OF THE 5TH |
|
Waterbury Rough Riders batting - Pitching for Pittsfield Colonials : RHP Dennis Eckersley
|
|
Batting: RHB Albert Richmond
|
0-0: Ball 1-0: Foul Ball, location: 2F 1-1: Ball 2-1: SINGLE (Groundball, 5, EV 81.9 MPH) (infield hit)
|
|
Batting: LHB Juan Zavala
|
0-0: Bunt missed! 0-1: Bunted foul 0-2: Ball 1-2: Fielders Choice at 2nd, 4-6 (Groundball, 4, EV 104.4 MPH)
|
|
Batting: RHB Ramon Lora
|
0-0: SINGLE (Groundball, 6MD, EV 98.1 MPH) Juan Zavala to second
|
|
Batting: LHB Jeff Smith
|
0-0: SINGLE (Groundball, 56, EV 87.5 MPH) (infield hit) Juan Zavala to third Ramon Lora to second
|
|
Batting: RHB Heriberto Valdez
|
0-0: Called Strike 0-1: Ball 1-1: Called Strike 1-2: Strikes out looking
|
|
Batting: RHB Alex Sanchez
|
0-0: Ball 1-0: Ground out U3 (Groundball, 34, EV 91.9 MPH)
|
| Bottom of the 5th over - 0 runs, 3 hits, 0 errors, 3 left on base; Pittsfield 0 - Waterbury 2 |
| TOP OF THE 6TH |
|
Pittsfield Colonials batting - Pitching for Waterbury Rough Riders : RHP Bobby Salas
|
|
Batting: SHB Steven Malito
|
0-0: Ball 1-0: Fly out, F5 (Popup, 5F, EV 64.4 MPH)
|
|
Batting: RHB Juan Samuel
|
0-0: Called Strike 0-1: Ball 1-1: Fly out, F8 (Line Drive, 8RD, EV 85.0 MPH)
|
|
Batting: LHB Tom Beyers
|
0-0: Ball 1-0: Foul Ball, location: 2F 1-1: Called Strike 1-2: Fly out, F7 (Flyball, 7LS, EV 81.9 MPH)
|
| Top of the 6th over - 0 runs, 0 hits, 0 errors, 0 left on base; Pittsfield 0 - Waterbury 2 |
| BOTTOM OF THE 6TH |
|
Waterbury Rough Riders batting - Pitching for Pittsfield Colonials : RHP Dennis Eckersley
|
|
Batting: LHB Greg Walker
|
0-0: Ball 1-0: Called Strike 1-1: Foul Ball, location: 2F 1-2: Ball 2-2: Ground out 4-3 (Groundball, 4, EV 86.3 MPH)
|
|
Batting: RHB Dan Gladden
|
0-0: Foul Ball, location: 2F 0-1: Ground out U3 (Groundball, 3, EV 88.1 MPH)
|
|
Batting: LHB Manny Leal
|
0-0: Foul Ball, location: 2F 0-1: Ball 1-1: Fly out, F7 (Flyball, 78M, EV 95.0 MPH)
|
| Bottom of the 6th over - 0 runs, 0 hits, 0 errors, 0 left on base; Pittsfield 0 - Waterbury 2 |
| TOP OF THE 7TH |
|
Pittsfield Colonials batting - Pitching for Waterbury Rough Riders : RHP Bobby Salas
|
|
Batting: RHB Larry See
|
0-0: Ball 1-0: Ball 2-0: Foul Ball, location: 2F 2-1: Ball 3-1: Base on Balls
|
|
Batting: RHB Raymond Borucki
|
0-0: Foul Ball, location: 2F 0-1: SINGLE (Line Drive, 9LS, EV 100.0 MPH) Larry See to second Runner from 2nd tries for 3rd, SAFE, no throw by RF
|
|
Batting: SHB David Enos
|
0-0: Ball 1-0: Ball 2-0: Ball 3-0: Called Strike 3-1: Base on Balls Raymond Borucki to second
|
|
Pinch Hitting: LHB James Wojcik
|
0-0: Grounds into fielders choice 6-2 (Groundball, 6, EV 86.9 MPH) Raymond Borucki to third David Enos to second
|
|
Batting: RHB Kyle Hawthorne
|
0-0: Called Strike 0-1: Swinging Strike 0-2: Ball 1-2: Foul Ball, location: 2F 1-2: Ball 2-2: Foul Ball, location: 2F 2-2: Foul Ball, location: 2F 2-2: SINGLE (Groundball, 6M, EV 86.9 MPH) (infield hit) Raymond Borucki scores David Enos to third James Wojcik to second
|
|
Pitching: LHP Bill Bordley
|
|
|
Batting: RHB Victor Mendoza
|
0-0: Called Strike 0-1: Fly out, F8 (Flyball, 8RM, EV 78.8 MPH) Runner from 3rd tags up, SCORES, throw by CF James Wojcik to third
|
|
Batting: SHB Steven Malito
|
0-0: Called Strike 0-1: Ball 1-1: Ball 2-1: Ground out 6-3 (Groundball, 6MS, EV 88.1 MPH)
|
| Top of the 7th over - 2 runs, 2 hits, 0 errors, 2 left on base; Pittsfield 2 - Waterbury 2 |
| BOTTOM OF THE 7TH |
|
Waterbury Rough Riders batting - Pitching for Pittsfield Colonials : RHP Dennis Eckersley
|
|
Now in LF: James Wojcik
|
|
|
Batting: RHB Albert Richmond
|
0-0: Called Strike 0-1: Foul Ball, location: 2F 0-2: Strikes out looking
|
|
Batting: LHB Juan Zavala
|
0-0: Called Strike 0-1: Ball 1-1: Swinging Strike 1-2: Foul Ball, location: 2F 1-2: Foul Ball, location: 2F 1-2: Ball 2-2: DOUBLE (Line Drive, 5D, EV 95.6 MPH)
|
|
Batting: RHB Ramon Lora
|
0-0: Foul Ball, location: 2F 0-1: Ball 1-1: Ball 2-1: Ball 3-1: Base on Balls
|
|
Batting: LHB Jeff Smith
|
0-0: Ball 1-0: Called Strike 1-1: Ball Wild Pitch! Juan Zavala to third Ramon Lora to second 2-1: Foul Ball, location: 2F 2-2: Ball 3-2: Base on Balls
|
|
Batting: RHB Heriberto Valdez
|
0-0: Ball 1-0: Ball 2-0: Grounds into fielders choice 5-2 (Groundball, 56S, EV 79.4 MPH) Ramon Lora to third Jeff Smith to second
|
|
Batting: RHB Alex Sanchez
|
0-0: Ball 1-0: Swinging Strike 1-1: Called Strike 1-2: Ball 2-2: Ball 3-2: Strikes out swinging
|
| Bottom of the 7th over - 0 runs, 1 hit, 0 errors, 3 left on base; Pittsfield 2 - Waterbury 2 |
| TOP OF THE 8TH |
|
Pittsfield Colonials batting - Pitching for Waterbury Rough Riders : LHP Bill Bordley
|
|
Batting: RHB Juan Samuel
|
0-0: Called Strike 0-1: Foul Ball, location: 2F 0-2: DOUBLE (Line Drive, 78M, EV 106.3 MPH)
|
|
Batting: LHB Tom Beyers
|
0-0: Fly out, F6 (Popup, 6MD, EV 50.0 MPH)
|
|
Batting: RHB Larry See
|
0-0: Fly out, F7 (Flyball, 78M, EV 91.9 MPH)
|
|
Batting: RHB Raymond Borucki
|
0-0: Ball 1-0: Ball 2-0: Ball 3-0: Base on Balls
|
|
Batting: SHB David Enos
|
0-0: Ground out 4-3 (Groundball, 4, EV 88.1 MPH)
|
| Top of the 8th over - 0 runs, 1 hit, 0 errors, 2 left on base; Pittsfield 2 - Waterbury 2 |
| BOTTOM OF THE 8TH |
|
Waterbury Rough Riders batting - Pitching for Pittsfield Colonials : RHP Dennis Eckersley
|
|
Batting: LHB Greg Walker
|
0-0: Called Strike 0-1: Ball 1-1: Swinging Strike 1-2: Strikes out swinging
|
|
Batting: RHB Dan Gladden
|
0-0: Called Strike 0-1: Swinging Strike 0-2: Strikes out swinging
|
|
Batting: LHB Manny Leal
|
0-0: Called Strike 0-1: Foul Ball, location: 2F 0-2: Foul Ball, location: 2F 0-2: Ground out 4-3 (Groundball, 4, EV 82.5 MPH)
|
| Bottom of the 8th over - 0 runs, 0 hits, 0 errors, 0 left on base; Pittsfield 2 - Waterbury 2 |
| TOP OF THE 9TH |
|
Pittsfield Colonials batting - Pitching for Waterbury Rough Riders : LHP Bill Bordley
|
|
Pinch Hitting: RHB Joe Rothwell
|
0-0: Ball 1-0: Ball 2-0: Ground out 4-3 (Groundball, 4, EV 105.6 MPH)
|
|
Batting: RHB Kyle Hawthorne
|
0-0: SINGLE (Line Drive, 78S, EV 95.0 MPH)
|
|
Batting: RHB Victor Mendoza
|
0-0: Called Strike 0-1: Called Strike 0-2: Ball 1-2: Ball Wild Pitch! Kyle Hawthorne to second 2-2: Ball 3-2: Fly out, F8 (Flyball, 8LM, EV 87.5 MPH) Runner from 2nd tags up, SAFE at 3rd with throw by CF
|
|
Batting: SHB Steven Malito
|
0-0: Called Strike 0-1: Ball 1-1: Ball 2-1: Swinging Strike 2-2: Foul Ball, location: 2F 2-2: Ball 3-2: DOUBLE (Line Drive, 7LS, EV 109.4 MPH) Kyle Hawthorne scores
|
|
Batting: RHB Juan Samuel
|
0-0: Called Strike 0-1: SINGLE (Groundball, 6D, EV 96.3 MPH) Steven Malito to third Runner from 3rd tries for Home, throw by CF and OUT! 8-2
|
| Top of the 9th over - 1 run, 3 hits, 0 errors, 1 left on base; Pittsfield 3 - Waterbury 2 |
| BOTTOM OF THE 9TH |
|
Waterbury Rough Riders batting - Pitching for Pittsfield Colonials : RHP Dennis Eckersley
|
|
Now in LF: James Beck
|
|
|
Batting: RHB Albert Richmond
|
0-0: Ball 1-0: Called Strike 1-1: Ball 2-1: Swinging Strike 2-2: Strikes out swinging
|
|
Batting: LHB Juan Zavala
|
0-0: Ball 1-0: SINGLE (Groundball, 34D, EV 95.0 MPH)
|
|
Pitching: LHP Richard Santos
|
|
|
Pinch Hitting: RHB Michael Ventress
|
0-0: Ball 1-0: Fly out, F9 (Flyball, 9S, EV 85.6 MPH)
|
|
Pinch Hitting: RHB Gary Skow
|
0-0: Swinging Strike 0-1: Foul Ball, location: 2F 0-2: Ball 1-2: Fielders Choice at 2nd, 6-4 (Groundball, 6, EV 101.3 MPH)
|
| Bottom of the 9th over - 0 runs, 1 hit, 0 errors, 1 left on base; Pittsfield 3 - Waterbury 2 |
|